 Dungeon Crawl Stone Soup version 0.32-a0-131-g9dbbe29261 (webtiles) character file.

Game seed: 5199563885313093056

4713 jasper the Fighter (level 10, -5/64 HPs)
             Began as a Deep Elf Alchemist on Feb 8, 2024.
             Was an Elder of Jiyva.
             Slain by a two-headed ogre
             ... wielding a +0 giant club
              (23 damage)
             ... on level 9 of the Dungeon.
             The game lasted 00:16:48 (7577 turns).

jasper the Fighter (Deep Elf Alchemist)             Turns: 7577, Time: 00:16:49

Health: -5/64      AC:  6    Str:  5    XL:     10   Next: 22%
Magic:  11/22      EV: 11    Int: 29    God:    Jiyva [****..]
Gold:   307        SH:  4    Dex: 15    Spells: 1/23 levels left

rFire   + + .        F - +10 long sword "Feaba" {venom, rC++}
rCold   + + .        (no shield)
rNeg    + . .        E - +3 leather armour {rF+}
rPois   .            (no helmet)
rElec   .            (no cloak)
rCorr   +            (no gloves)
SInv    .            f - +1 pair of boots
Will    +....        (no amulet)
Stlth   ++           C - ring of Beyri Yruk {Fly rF+ Int+4}
HPRegen 1.58/turn    q - ring of positive energy
MPRegen 0.82/turn

%: no passive effects
@: flying, very slightly contaminated
A: large bone plates 1, pseudopods 3
a: Renounce Religion, Oozemancy, Slimify


You were on level 9 of the Dungeon.
You worshipped Jiyva.
Jiyva was greatly pleased with you.
You visited 1 branch of the dungeon, and saw 9 of its levels.
You also visited: Sewer.

You collected 307 gold pieces.

Inventory:

Hand Weapons
 j - a +0 short sword
 l - a +3 vampiric whip
 B - a +2 flail
 F - the +10 long sword "Feaba" (weapon) {venom, rC++}
   (You found it on level 8 of the Dungeon)

   rC++:      It greatly protects you from cold.
Missiles
 G - a curare-tipped dart
Armour
 a - a +0 robe
 f - a +1 pair of boots (worn)
 k - a +0 pair of boots
 D - a +0 kite shield
 E - a +3 leather armour of fire resistance (worn)
Jewellery
 p - a +6 ring of dexterity
 q - a ring of positive energy (right hand)
 C - the ring of Beyri Yruk (left hand) {Fly rF+ Int+4}
   (You found it on level 7 of the Dungeon)

   [ring of flight]

   Int+4:     It affects your intelligence (+4).
   rF+:       It protects you from fire.
   Fly:       It grants you flight.
Wands
 n - a wand of iceblast (5)
Scrolls
 c - 5 scrolls of identify
 d - a scroll of noise
 e - 3 scrolls of amnesia
 o - 2 scrolls of teleportation
 t - a scroll of enchant weapon
 w - a scroll of enchant armour {unknown}
 x - a scroll of blinking {unknown}
 y - a scroll of fog {unknown}
 A - a scroll of fear
Potions
 b - 6 potions of magic
 g - 2 potions of lignification
 h - a potion of ambrosia
 i - 2 potions of resistance {unknown}
 m - 4 potions of curing
 r - a potion of haste {unknown}
 s - a potion of cancellation {unknown}
 u - a potion of enlightenment {unknown}
 v - 2 potions of mutation {unknown}
 z - a potion of attraction {unknown}


   Skills:
 + Level 8.2 Fighting
 + Level 2.4 Dodging
 - Level 2.4 Stealth
 - Level 7.0 Spellcasting
 - Level 2.0 Conjurations
 - Level 4.0 Summonings
 - Level 5.0 Fire Magic
 - Level 5.0 Air Magic
 - Level 6.0 Alchemy
 - Level 5.0 Evocations


You had one spell level left.
You knew the following spells:

 Your Spells              Type           Power      Damage    Failure   Level
a - Sting                 Conj/Alch      100%       1d9       1%          1
b - Mephitic Cloud        Conj/Alch/Air  35%        N/A       4%          3
c - Olgreb's Toxic Radia  Alch           44%        N/A       7%          4
d - Sticky Flame          Fire/Alch      42%        2d8       9%          4
e - Summon Lightning Spi  Summ/Air       36%        N/A       13%         4
f - Bombard               Conj/Erth      7%         9d2       100%        6

Your spell library contained the following spells:

 Spells                   Type           Power      Damage    Failure   Level
 Mercury Vapours          Alch/Air       84%        N/A       1%          2
 Static Discharge         Conj/Air       60%        3-6/arc   3%          2
 Airstrike                Air            19%        2d(3-19)  11%         4
 Leda's Liquefaction      Alch/Erth      13%        N/A       24%         4
 Lee's Rapid Deconstruct  Erth           5%         3d6*      93%         5


Dungeon Overview and Level Annotations

Branches:
Dungeon (9/15)             Temple (0/1) D:6           Sewer (visited)
   Lair: D:8-11         Orc: D:9-12

Altars:
Elyvilon
Okawaru
Qazlal
Sif Muna
Vehumet
Wu Jian
Xom
Yredelemnul
The Shining One

Annotations:
D:7 1 runed translucent door


Innate Abilities, Weirdness & Mutations

You are partially covered in large bone plates. (SH +4)
Armour fits poorly on your massive pseudopods.


Message History

Casting: Mephitic Cloud (dangerous; 4% risk of failure)
Confirm with . or Enter, or press ? or * to list all spells.
An electric hum fills the air.
The two-headed ogre is engulfed in noxious fumes.
The two-headed ogre hits you with a +0 giant club!!
The two-headed ogre hits you with a +2 dire flail of protection!
You take 38 damage, and have 26/64 hp.
MASSIVE DAMAGE!!
You now have 10/22 mp.
Casting: Summon Lightning Spire (dangerous; 13% risk of failure)
Confirm with . or Enter, or press ? or * to list all spells.
Aiming: Sticky Flame (dangerous; 9% risk of failure)
Press: ? - help, Shift-Dir - straight line, f/p - two-headed ogre
Aim: a two-headed ogre, wielding a +0 giant club and a +2 dire flail of protection (noxious fumes, moderately wounded, very poisoned, ally target)
The sticky flame hits the two-headed ogre.
The two-headed ogre is moderately wounded.
The two-headed ogre burns!
You now have 7/22 mp.
The two-headed ogre burns!
The two-headed ogre is engulfed in noxious fumes.
The two-headed ogre shakes off the sticky flame as it moves.
Your lightning spire shoots out a bolt of lightning at the two-headed ogre!
The bolt of electricity hits the two-headed ogre!
You regained 2 hp, and now have 29/64 hp.
The two-headed ogre hits your lightning spire with a +0 giant club!!
The two-headed ogre hits your lightning spire with a +2 dire flail of protection!!
Your lightning spire is destroyed!
Your lightning spire disappears in a puff of smoke!
The two-headed ogre shouts in stereo!
You hit the two-headed ogre.
You punch the two-headed ogre, but do no damage.
Your bludgeon misses the two-headed ogre.
The two-headed ogre is almost dead.
The two-headed ogre hits you with a +0 giant club!
The two-headed ogre hits you with a +2 dire flail of protection!
* * * LOW HITPOINT WARNING * * *
You take 14 damage, and have 16/64 hp.
MASSIVE DAMAGE!!
You completely miss the two-headed ogre.
The two-headed ogre is almost dead.
The two-headed ogre hits you with a +0 giant club!!
You die...
Jiyva sends a jelly to digest your remains.

###......#..........~#
###)#####.##########
#.## #.# #..# ##.# ##.#
#..# #.###.## #.....#
#####.#### ######+###
#......# #§@.......
#......# #.O.☼○....
#......# ###..§§§?...
###J.....# #.'....§....
.........####.#.........
.##......#....#.........
###......#.####........(
#........# #.........
#......### #>........


You could see a two-headed ogre (poisoned).

Vanquished Creatures
  A two-headed ogre (D:7)
  A hornet (D:8)
  A wraith (D:9)
  Eustachio (D:8)
  A vampire mosquito (D:7)
  2 steam dragons
  3 ice beasts
  4 ogres
  3 orc warriors (D:8)
  A black bear (D:7)
  3 centaurs
  2 kobold brigands
  5 scorpions
  2 gnoll sergeants (D:8)
  8 wights
  4 killer bees
  2 howler monkeys
  A bombardier beetle (D:3)
  3 jellies (Sewer)
  2 sleepcaps (D:5)
  3 hounds
  4 orc priests
  3 iguanas
  3 orc wizards
  Natasha (twice) (D:4)
  8 adders
  8 gnolls
  A river rat (Sewer)
  2 white imps
  A dart slug (D:1)
  A ribbon worm (D:3)
  6 orcs
  2 bats (D:1)
  11 endoplasms
  12 giant cockroaches
  7 goblins
  7 hobgoblins
  15 jackals
  21 kobolds
  7 quokkas
  12 ball pythons
  6 frilled lizards
  7 rats
  3 butterflies (D:7)
202 creatures vanquished.

Vanquished Creatures (others)
  2 bullfrogs
  A hound (D:6)
  14 jellies
  An iguana (D:7)
  Natasha (D:4)
  A jackal (D:5)
20 creatures vanquished.

Grand Total: 222 creatures vanquished

Notes
Turn   | Place    | Note
-------+----------+-------------------------------------------
     0 | D:1      | jasper the Deep Elf Alchemist began the quest for the Orb.
     0 | D:1      | Reached XP level 1. HP: 10/10 MP: 6/6
   298 | D:1      | Reached XP level 2. HP: 15/15 MP: 6/8
   833 | D:1      | Reached XP level 3. HP: 19/19 MP: 6/9
   837 | D:1      | Learned a level 3 spell: Mephitic Cloud
  1390 | D:2      | Found a faded altar of an unknown god.
  1686 | D:2      | Reached skill level 1 in Air Magic
  1879 | D:2      | Reached XP level 4. HP: 24/24 MP: 5/10
  1884 | D:2      | Learned a level 4 spell: Olgreb's Toxic Radiance
  2553 | D:3      | Found a shimmering altar of Xom.
  2577 | D:3      | Found a white marble altar of Elyvilon.
  2647 | D:3      | Reached skill level 5 in Alchemy
  2777 | D:3      | Found a basalt altar of Yredelemnul.
  2779 | D:3      | Noticed a profane servitor
  2900 | D:3      | Found a glowing golden altar of the Shining One.
  2905 | D:3      | Reached XP level 5. HP: 28/28 MP: 7/11
  2937 | D:3      | Noticed an angel
  3142 | D:3      | Found a stormy altar of Qazlal.
  3317 | D:4      | Noticed an ogre
  3336 | D:4      | Found a glowing drain.
  3337 | D:4      | Killed an ogre
  3345 | Sewer    | Entered a sewer
  3398 | Sewer    | Reached XP level 6. HP: 32/32 MP: 8/12
  3759 | Sewer    | Found a viscous altar of Jiyva.
  3897 | Sewer    | Became a worshipper of Jiyva Juvot the Shapeless
  4325 | D:4      | Noticed Natasha
  4329 | D:4      | Killed Natasha
  4362 | D:4      | Reached skill level 5 in Evocations
  4453 | D:4      | Reached skill level 1 in Fighting
  4483 | D:4      | Killed Natasha
  4500 | D:4      | Noticed Natasha
  4508 | D:4      | Killed Natasha
  4509 | D:4      | Reached XP level 7. HP: 15/38 MP: 3/13
  4514 | D:4      | Learned a level 4 spell: Sticky Flame
  4705 | D:4      | Reached * piety under Jiyva
  4790 | D:5      | Entered Level 5 of the Dungeon
  4790 | D:5      | Noticed a steam dragon
  4800 | D:5      | Reached skill level 1 in Fire Magic
  4804 | D:5      | Killed a steam dragon
  4902 | D:5      | Reached skill level 5 in Fire Magic
  4937 | D:5      | Reached skill level 2 in Fighting
  5083 | D:5      | Reached XP level 8. HP: 45/45 MP: 11/14
  5188 | D:5      | Reached ** piety under Jiyva
  5377 | D:6      | Reached skill level 3 in Fighting
  5516 | D:6      | Found a staircase to the Ecumenical Temple.
  5543 | D:6      | Reached skill level 4 in Fighting
  5898 | D:6      | Found a radiant altar of Vehumet.
  5929 | D:6      | Reached *** piety under Jiyva
  6105 | D:7      | Gained mutation: Armour fits poorly on your pseudopods.
                  | [Jiyva's grace]
  6105 | D:7      | Gained mutation: Armour fits poorly on your large
                  | pseudopods. [Jiyva's grace]
  6105 | D:7      | Gained mutation: Armour fits poorly on your massive
                  | pseudopods. [Jiyva's grace]
  6105 | D:7      | Gained mutation: You are partially covered in large bone
                  | plates. (SH +4) [Jiyva's grace]
  6106 | D:7      | Noticed a two-headed ogre
  6124 | D:7      | Reached skill level 5 in Fighting
  6141 | D:7      | Killed a two-headed ogre
  6142 | D:7      | Reached skill level 6 in Fighting
  6142 | D:7      | Reached XP level 9. HP: 56/56 MP: 9/15
  6244 | D:7      | Reached skill level 7 in Fighting
  6393 | D:7      | Found a runed translucent door.
  6399 | D:7      | Learned a level 4 spell: Summon Lightning Spire
  6400 | D:7      | Found a runed translucent door.
  6406 | D:7      | Reached skill level 1 in Summonings
  6436 | D:7      | Identified the ring of Beyri Yruk {Fly rF+ Int+4}
  6476 | D:7      | Found an iron altar of Okawaru.
  6477 | D:7      | Found a shimmering blue altar of Sif Muna.
  6644 | D:8      | Noticed Eustachio
  6668 | D:8      | Killed Eustachio
  6920 | D:8      | Reached skill level 5 in Air Magic
  6958 | D:8      | Reached skill level 8 in Fighting
  6975 | D:8      | Reached skill level 5 in Spellcasting
  6975 | D:8      | Reached XP level 10. HP: 46/64 MP: 14/19
  7054 | D:8      | Identified the +10 long sword "Feaba" {venom, rC++}
  7397 | D:9      | Reached **** piety under Jiyva
  7470 | D:9      | Learned a level 6 spell: Bombard
  7525 | D:9      | Found an ornate altar of the Wu Jian Council.
  7565 | D:9      | Noticed a two-headed ogre
  7577 | D:9      | Slain by a two-headed ogre

Illustrated notes

Levels and vault maps discovered:
D:1:      mainiacjoe_arrival_oval_in_oval, layout_basic
D:2:      layout_loops_cross, shapermc_ecumenical_altar_notcrosses
D:3:      layout_rooms, grunt_temple_overflow_holy_war,
          mainiacjoe_overflow_alcove_2, grunt_temple_overflow_open
D:4:      layout_loops_ring, cheibrodos_sewer_entry_drain, uniq_natasha
D:5:      layout_rooms, nrook_mini_vaults
D:6:      layout_layer_cave, fiery_altar_vehumet, minmay_temple_entry_mist
D:7:      lemuel_insect_pit, layout_rooms, nicolae_overflow_two_pavilions
D:8:      layout_layer_cave, sword_in_stone
D:9:      layout_roguey, nzn_wu_jian_contemplation, serial_bayou_pond_a,
          nicolae_figureground_sparkle

Skill      XL: |  1  2  3  4  5  6  7  8  9 10 |
---------------+-------------------------------+-----
Alchemy        | 4 5 6 |  6.0
Air Magic      | 1 2 5 |  5.0
Conjurations   | 2 |  2.0
Evocations     | 3 5 |  5.0
Fighting       | 1 2 6 8 |  8.2
Fire Magic     | 5 |  5.0
Spellcasting   | 5 7 |  7.0
Summonings     | 4 |  4.0
Dodging        | |  2.4
Stealth        | |  2.4

Action                     |  1- 3 |  4- 6 |  7- 9 | 10-12 || total
---------------------------+-------+-------+-------+-------++-------
  Melee: Short sword       |     2 |    55 |    27 |     1 ||    85
         Punch             |     1 |     5 |     1 |     3 ||    10
         Pseudopods        |       |       |     6 |     2 ||     8
         Long sword        |       |       |       |    17 ||    17
   Cast: Sting             |    69 |    98 |    55 |       ||   222
         Olgreb's Toxic Ra |       |    17 |    39 |    11 ||    67
         Mephitic Cloud    |       |     1 |     6 |     1 ||     8
         Sticky Flame      |       |       |    12 |     6 ||    18
         Summon Lightning  |       |       |       |     1 ||     1
  Evoke: Wand              |       |     1 |       |       ||     1
    Use: Scroll            |     6 |     5 |       |       ||    11
         Potion            |       |     1 |       |       ||     1
 Armour: Robe              |    12 |    53 |    61 |       ||   126
         Leather armour    |       |       |    12 |    26 ||    38
  Dodge: Dodged            |    15 |    63 |    73 |     8 ||   159
  Block: Other             |       |       |     4 |     1 ||     5

Table legend: (Time is in decaauts)
 A = Elapsed time spent in this place.
 B = Non-inter-level travel time spent in this place.
 C = Inter-level travel time spent in this place.
 D = Time resting spent in this place.
 E = Time spent auto-exploring this place.
 F = Levels seen in this place.
 G = Mean time per level.
                   A        B        C        D        E       F      G
               +--------+--------+--------+--------+--------+-----+--------+
         Total |   7638 |   7419 |    219 |    261 |   5643 |  10 |  763.8 |
       Dungeon |   7035 |   6816 |    219 |     79 |   5400 |   9 |  781.7 |
         Sewer |    603 |    603 |      0 |    182 |    243 |   1 |  603.0 |
               +--------+--------+--------+--------+--------+-----+--------+

Top non-repeatable levels by time:
     D:1: 1300 daAuts
     D:2: 1195 daAuts
     D:4: 937 daAuts
     D:3: 790 daAuts
     D:8: 724 daAuts
     D:6: 722 daAuts
     D:7: 605 daAuts
   Sewer: 603 daAuts
     D:5: 522 daAuts
     D:9: 235 daAuts
